 Dungeon Crawl Stone Soup version 0.27-a0-1202-ge72e49191c (webtiles) character file.

Game seed: 15273298314050201369

18504 Glokmah the Devastator (level 12, 0/75 HPs)
             Began as a Tengu Conjurer on May 30, 2021.
             Was an Elder of Vehumet.
             Slain by Snorg (1 damage)
             ... on level 4 of the Lair of Beasts on June 3, 2021.
             The game lasted 00:43:14 (15998 turns).

Glokmah the Devastator (Tengu Conjurer)            Turns: 15998, Time: 00:43:15

Health: 0/75       AC:  9    Str: 13    XL:     12   Next: 59%
Magic:  3/25       EV: 17    Int: 23    God:    Vehumet [****..]
Gold:   644        SH:  5    Dex: 17    Spells: 7/27 levels left

rFire    . . .     SeeInvis .   a - +3 dagger (speed)
rCold    . . .     Faith    .   (no shield)
rNeg     + . .     Spirit   .   L - +1 robe {Will+}
rPois    +         Reflect  +   (helmet restricted)
rElec    .         Harm     .   y - +2 cloak
rCorr    .         Rampage  .   C - +2 pair of gloves
Will     ++...                  (boots unavailable)
Stlth    +++.......             j - amulet of reflection
HPRegen  0.22/turn              m - ring of poison resistance
MPRegen  0.19/turn              I - ring "Ronuengo" {rN+ Will+ Str+6 Dex+3 Stlth+}

@: flying quickly and evasively, very slightly contaminated, quick
A: beak, talons 3, nimble flight
a: Renounce Religion


You were on level 4 of the Lair of Beasts.
You worshipped Vehumet.
Vehumet was greatly pleased with you.
You visited 3 branches of the dungeon, and saw 13 of its levels.
You also visited: Sewer.

You collected 644 gold pieces.

Inventory:

Hand Weapons
 a - a +3 dagger of speed (weapon)
 q - a +6 vorpal war axe
 x - a +2 quarterstaff of chaos
Missiles
 d - 8 boomerangs
 e - 8 javelins
 k - 8 silver javelins
 n - a throwing net
 z - 38 poisoned darts
Armour
 y - a +2 cloak (worn)
 C - a +2 pair of gloves (worn)
 L - a +1 robe of willpower (worn)
Jewellery
 j - an amulet of reflection (around neck)
 m - a ring of poison resistance (left hand)
 o - a ring of protection from fire
 D - an amulet of the acrobat
 I - the ring "Ronuengo" (right hand) {rN+ Will+ Str+6 Dex+3 Stlth+}
   (You found it on level 2 of the Lair of Beasts)

   [ring of strength]

   It affects your strength (+6).
   It affects your dexterity (+3).
   It protects you from negative energy.
   It increases your willpower.
   It makes you more stealthy.
 M - an amulet of faith
Wands
 r - a wand of paralysis (14)
 v - a wand of flame (14)
 B - a wand of iceblast (13)
 F - a wand of digging (5)
Scrolls
 c - 2 scrolls of blinking
 f - a scroll of amnesia
 l - a scroll of holy word
 A - 8 scrolls of teleportation
 G - a scroll of fog
 J - a scroll of enchant armour
 K - 2 scrolls of noise
 N - a scroll of magic mapping
Potions
 b - 12 potions of heal wounds
 g - a potion of ambrosia {unknown}
 h - 2 potions of cancellation
 i - 3 potions of brilliance
 p - 3 potions of attraction
 s - 2 potions of haste
 t - 2 potions of lignification {unknown}
 u - 9 potions of curing
 w - a potion of mutation
 H - 6 potions of might
 O - a potion of invisibility {unknown}


   Skills:
 + Level 8.8 Fighting
 + Level 3.6 Armour
 + Level 4.6 Dodging
 - Level 2.0 Stealth
 - Level 8.0 Spellcasting
 * Level 16.0 Conjurations
 - Level 5.0 Hexes
 - Level 4.0 Transmutations
 - Level 4.0 Ice Magic


You had 7 spell levels left.
You knew the following spells:

 Your Spells              Type           Power      Damage    Failure   Level
a - Shock                 Conj/Air       100%       1d9       1%          1
b - Magic Dart            Conj           100%       1d8       0%          1
c - Searing Ray           Conj           100%       3d7       0%          2
d - Fulminant Prism       Conj/Hex       27%        3d14      1%          4
e - Irradiate             Conj/Tmut      26%        3d22      1%          5
f - Iskenderun's Mystic   Conj/Tloc      46%        2d10      1%          4
g - Frozen Ramparts       Ice            54%        1d7       1%          3

Your spell library contained the following spells:

 Spells                   Type           Power      Damage    Failure   Level
 Corona                   Hex            35%        N/A       1%          1
 Dazzling Flash           Conj/Hex       100%       N/A       1%          3
 Animate Skeleton         Necr           18%        N/A       7%          1
 Apportation              Tloc           18%        N/A       7%          1
 Summon Small Mammal      Summ           36%        N/A       7%          1
 Blade Hands              Tmut           13%        N/A       90%         6
 Statue Form              Tmut/Erth      12%        N/A       99%         6
 Dragon Form              Tmut           13%        N/A       100%        7


Dungeon Overview and Level Annotations

Branches:
Dungeon (8/15)             Temple (1/1) D:6            Lair (4/6) D:8
 Shoals (0/4) Lair:2        Sewer (visited)
  Snake: Lair:2-4    Spider: Lair:2-4

Altars:
Cheibriados
Gozag
Kikubaaqudgha
Makhleb
Nemelex Xobeh
Okawaru
Qazlal
Trog
Uskayaw
Vehumet
Yredelemnul
Zin

Shops:
D:3 (   D:4 *   D:8 (=[!

Annotations:
Lair:4 Snorg


Innate Abilities, Weirdness & Mutations

You have a beak for a mouth.
You have claws for feet.
Your magical nature lets you fly swiftly and evasively.


Message History

You hit Snorg. You claw Snorg, but do no damage. You peck Snorg.
Snorg is severely wounded.
Snorg bites you but does no damage. You block Snorg's attack. Snorg misses you.
You hit Snorg. Your kick misses Snorg. You peck Snorg.
Snorg is almost dead.
Snorg barely misses you. Snorg claws you but does no damage.
Snorg closely misses you.
You barely miss Snorg.
Snorg is almost dead.
Snorg barely misses you. Snorg claws you but does no damage. Snorg claws you!
You hit Snorg. You claw Snorg.
Snorg is almost dead.
The rime drake bites you. Snorg completely misses you. Snorg misses you.
You block Snorg's attack.
You hit Snorg. You claw Snorg. Your peck misses Snorg.
Snorg is almost dead.
The rime drake bites you but does no damage.
Snorg bites you! Snorg closely misses you. Snorg claws you but does no damage.
You hit Snorg.
Snorg is almost dead.
Snorg closely misses you. Snorg barely misses you. x2
The rime drake barely misses you.
The rime drake bites you but does no damage.
The rime drake breathes ice at you. The flash freeze hits you!
You are encased in ice.
Snorg bites you but does no damage. You block Snorg's attack. Snorg misses you.
Snorg completely misses you. Snorg claws you. Snorg claws you!
* * * LOW HITPOINT WARNING * * *
You block the rime drake's attack. The ice encasing you melts away.
Snorg rages.
Snorg bites you.
* * * LOW HITPOINT WARNING * * *
Snorg closely misses you. Snorg claws you.
* * * LOW HITPOINT WARNING * * *
Snorg bites you!
* * * LOW HITPOINT WARNING * * *
Snorg claws you.
You die...

#....## P..... #≈...##......
#........... ##......# ##
##.......#...
#≈≈#≈.......#....
#≈.............
#########.......[....
#......@Tk...........
##.......k............
#..#...##.............
###.###................#
#####...###...............#
##P..##.##.P.........###...#
#....##..#P..........# #..##
#........##.......P..###..#
##.....#..................#


You could see Snorg (berserk, misshapen) and 2 rime drakes.

Vanquished Creatures
  Kirke (Lair:4)
  A black mamba (Lair:3)
  3 cane toads
  Maggie (Lair:2)
  A torpor snail (Lair:4)
  6 rime drakes (Lair:4)
  10 komodo dragons
  A polar bear (Lair:1)
  Prince Ribbit (D:5)
  A snapping turtle (Lair:2)
  5 blink frogs (Lair:1)
  24 yaks
  A basilisk (Lair:4)
  5 hogs
  3 wargs (D:8)
  2 steam dragons (Lair:4)
  5 water moccasins
  Duvessa (D:5)
  An orc warrior (D:8)
  2 ice beasts
  2 black bears
  2 ogres
  11 wolves
  3 centaurs
  2 phantoms
  A kobold brigand (Sewer)
  9 bullfrogs
  Blork the orc (D:5)
  Dowan (D:5)
  A scorpion (D:7)
  14 wights
  2 bullfrog zombies (D:5)
  A jelly (D:6)
  A centaur skeleton (D:7)
  A gnoll shaman (D:4)
  3 hounds
  A bullfrog skeleton (D:7)
  4 orc priests
  Crazy Yiuf (D:5)
  2 iguanas
  6 orc wizards
  A hound skeleton (D:5)
  8 gnolls (D:3)
  8 adders
  5 river rats (Sewer)
  A shadow imp (D:8)
  2 white imps
  An ufetubus (D:4)
  4 worms
  3 dart slugs (D:1)
  25 orcs
  8 endoplasms
  4 giant cockroaches
  12 goblins
  5 hobgoblins
  5 jackals
  A quokka (D:2)
  12 ball pythons
  5 bats
  6 frilled lizards
  19 kobolds
  30 rats
309 creatures vanquished.

Vanquished Creatures (others)
  A bush (Lair:2)
  49 fulminant prisms
  16 fungi
  21 plants
87 creatures vanquished.

Grand Total: 396 creatures vanquished

Notes
Turn   | Place    | Note
-------+----------+-------------------------------------------
     0 | D:1      | Glokmah the Tengu Conjurer began the quest for the Orb.
     0 | D:1      | Reached XP level 1. HP: 10/10 MP: 4/4
   148 | D:1      | Reached XP level 2. HP: 16/16 MP: 1/6
   155 | D:1      | Learned a level 2 spell: Searing Ray
   516 | D:1      | Reached skill level 1 in Fighting
   703 | D:1      | Reached XP level 3. HP: 20/20 MP: 3/7
   705 | D:1      | Reached skill level 6 in Conjurations
   813 | D:1      | Found a faded altar of an unknown god.
  1491 | D:2      | Found an ancient bone altar of Kikubaaqudgha.
  1871 | D:2      | Reached XP level 4. HP: 25/25 MP: 5/8
  2453 | D:3      | Found Ater's Antique Weapon Shoppe.
  2600 | D:3      | Gained mutation: Your magical nature lets you fly swiftly
                  | and evasively. [Tengu growth]
  2600 | D:3      | Reached XP level 5. HP: 30/30 MP: 1/10
  2729 | D:3      | Reached skill level 7 in Conjurations
  3511 | D:3      | Learned a level 4 spell: Fulminant Prism
  3652 | D:4      | Found a basalt altar of Yredelemnul.
  3655 | D:4      | Found a snail-covered altar of Cheibriados.
  3655 | D:4      | Found a glowing silver altar of Zin.
  3658 | D:4      | Found a bloodstained altar of Trog.
  3696 | D:4      | Found Bil Rokhyd's Assorted Antiques.
  3703 | D:4      | Noticed a phantom
  3711 | D:4      | Killed a phantom
  3712 | D:4      | Reached XP level 6. HP: 36/36 MP: 1/11
  3935 | D:4      | Found a hide-covered altar of Uskayaw.
  4223 | D:4      | Reached skill level 1 in Hexes
  4231 | D:4      | Reached skill level 8 in Conjurations
  4486 | D:4      | Reached XP level 7. HP: 41/41 MP: 10/13
  4802 | D:5      | Entered Level 5 of the Dungeon
  5187 | D:5      | Noticed Prince Ribbit
  5197 | D:5      | Killed Prince Ribbit
  5198 | D:5      | Reached skill level 9 in Conjurations
  5331 | D:5      | Noticed Blork the orc
  5336 | D:5      | Killed Blork the orc
  5337 | D:5      | Reached XP level 8. HP: 48/48 MP: 9/15
  5338 | D:5      | Noticed Duvessa
  5338 | D:5      | Noticed Dowan
  5413 | D:5      | Killed Duvessa
  5417 | D:5      | Killed Dowan
  5585 | D:5      | Found a runed translucent door.
  5586 | D:5      | Noticed Crazy Yiuf
  5591 | D:5      | Killed Crazy Yiuf
  5734 | D:5      | Found a burning altar of Makhleb.
  6162 | D:6      | Reached skill level 10 in Conjurations
  6282 | D:6      | Found a staircase to the Ecumenical Temple.
  6291 | Temple   | Entered the Ecumenical Temple
  6302 | Temple   | Became a worshipper of Vehumet
  6530 | D:6      | Found a glowing drain.
  6539 | Sewer    | Entered a sewer
  6640 | Sewer    | Reached * piety under Vehumet
  6640 | Sewer    | Offered knowledge of Sandblast by Vehumet.
  7361 | D:6      | Found an iron altar of Okawaru.
  7531 | D:6      | Offered knowledge of Shock by Vehumet.
  7701 | D:7      | Reached skill level 5 in Spellcasting
  7780 | D:7      | Learned a level 5 spell: Irradiate
  7805 | D:7      | Reached XP level 9. HP: 53/53 MP: 7/17
  7980 | D:7      | Reached skill level 5 in Fighting
  7984 | D:7      | Reached ** piety under Vehumet
  7985 | D:7      | Reached skill level 11 in Conjurations
  8141 | D:7      | Reached skill level 1 in Transmutations
  8278 | D:7      | Learned a level 1 spell: Shock
  8938 | D:8      | Found a staircase to the Lair.
  9183 | D:8      | Reached skill level 12 in Conjurations
  9406 | D:8      | Reached XP level 10. HP: 60/60 MP: 14/19
  9473 | D:8      | Offered knowledge of Ignite Poison by Vehumet.
  9696 | D:8      | Found Erorall's Jewellery Emporium.
  9701 | D:8      | Found Kanoul's Weapon Emporium.
  9702 | D:8      | Found Myot's Armour Emporium.
  9703 | D:8      | Found Myamusch's Distillery.
  9984 | Lair:1   | Entered Level 1 of the Lair of Beasts
  9985 | Lair:1   | Upgraded the game from 0.27-a0-1200-g94dc6ad4cf to
                  | 0.27-a0-1202-ge72e49191c
  9990 | Lair:1   | Learned a level 4 spell: Iskenderun's Mystic Blast
 10694 | Lair:1   | Reached skill level 13 in Conjurations
 11249 | Lair:2   | Noticed a cane toad
 11293 | Lair:1   | Killed a cane toad
 11520 | Lair:2   | Noticed a cane toad
 11526 | Lair:1   | Killed a cane toad
 11755 | Lair:2   | Reached XP level 11. HP: 63/66 MP: 19/22
 11906 | Lair:2   | Reached *** piety under Vehumet
 11911 | Lair:2   | Reached skill level 14 in Conjurations
 11911 | Lair:2   | Reached skill level 5 in Hexes
 12006 | Lair:2   | Noticed Maggie
 12012 | Lair:2   | Killed Maggie
 12465 | Lair:2   | Found a staircase to the Shoals.
 12963 | Lair:2   | Identified the ring "Ronuengo" {rN+ Will+ Str+6 Dex+3
                  | Stlth+}
 13371 | Lair:3   | Offered knowledge of Frozen Ramparts by Vehumet.
 13377 | Lair:3   | Learned a level 3 spell: Frozen Ramparts
 13670 | Lair:3   | Reached skill level 15 in Conjurations
 13712 | Lair:3   | Reached skill level 1 in Ice Magic
 13839 | Lair:3   | Reached skill level 1 in Armour
 14294 | Lair:4   | Reached XP level 12. HP: 66/74 MP: 11/24
 14865 | Lair:4   | Reached **** piety under Vehumet
 14897 | Lair:4   | Noticed Kirke
 15099 | Lair:4   | Noticed a sphinx
 15368 | Lair:4   | Killed Kirke
 15682 | Lair:4   | Reached skill level 16 in Conjurations
 15975 | Lair:4   | Noticed Snorg
 15998 | Lair:4   | HP: 1/75 [Snorg (14)]
 15998 | Lair:4   | Slain by Snorg

Illustrated notes

Levels and vault maps discovered:
D:1:      ebering_trefoil_twist, layout_basic,
          hellmonk_ecumenical_altar_slurped_away
D:2:      layout_loops_corners, basic_altar
D:3:      layout_loops_ring, serial_shops, nicolae_shop_statue_plus,
          dk_noncrumbling_3, corexii_leaking_fountain
D:4:      layout_cave_pools, old_standard_altar, grunt_temple_overflow_open,
          serial_shops, shop, minmay_bisected
D:5:      layout_basic, kennysheep_mini, chequers_serial_rivers_micro_e,
          chequers_serial_rivers_micro_d, uniq_blork_the_orc, uniq_duvessa,
          uniq_prince_ribbit1, uniq_crazy_yiuf_cottage
D:6:      layout_cave_pools, lemuel_round_altar, minmay_temple_entry_junction,
          cheibrodos_sewer_entry_bend, grunt_ministairs_11
D:7:      layout_basic, grunt_decor_cap, eino_tiny_chamber
D:8:      layout_loops_ring, erik_lair_orcish_takeover,
          chequers_serial_rivers_micro_c, minmay_shop_grid_forest
Temple:   nicolae_temple_great_sept
Lair:1:   layout_gridlike
Lair:2:   layout_loops_ring, minmay_shoals_entry_hut, minmay_hedge_maze,
          serial_bayou_pond_d, uniq_maggie
Lair:3:   layout_chaotic_city, beast_lair_carwin_8
Lair:4:   layout_cave_shapes, nicolae_spider_entry_orb_guardian,
          bobbens_dragon_lair_wall, serial_bayou_shore_a, uniq_snorg, uniq_kirke

Skill      XL: |  1  2  3  4  5  6  7  8  9 10 11 12 |
---------------+-------------------------------------+-----
Fighting       | 1 2 3 4 5 6 8 |  8.8
Conjurations   | 6 7 8 9 10 12 13 15 16 | 16.0
Spellcasting   | 3 4 5 6 7 8 |  8.0
Hexes          | 1 2 3 4 5 |  5.0
Transmutations | 2 3 4 |  4.0
Ice Magic      | 2 4 |  4.0
Armour         | 1 3 |  3.6
Dodging        | 3 4 |  4.6
Stealth        | |  2.0

Action                   |  1- 3 |  4- 6 |  7- 9 | 10-12 || total
-------------------------+-------+-------+-------+-------++-------
Melee: Dagger            |     5 |    26 |    72 |    31 ||   134
       Kick              |       |     5 |    13 |     8 ||    26
       Peck              |       |     3 |    10 |    11 ||    24
 Cast: Magic Dart        |    54 |    63 |    68 |    24 ||   209
       Searing Ray       |     7 |    12 |    45 |    63 ||   127
       Fulminant Prism   |       |       |    11 |    38 ||    49
       Shock             |       |       |    25 |    39 ||    64
       Irradiate         |       |       |       |    11 ||    11
       Iskenderun's Myst |       |       |       |     8 ||     8
       Frozen Ramparts   |       |       |       |     1 ||     1
  Use: Scroll            |       |     5 |     7 |    11 ||    23
 Stab: Sleeping          |       |     5 |       |     1 ||     6
Armor: Robe              |     1 |     4 |    15 |    27 ||    47
Dodge: Dodged            |     8 |    13 |    52 |    91 ||   164
Block: Other             |       |       |    20 |    21 ||    41
       Reflection        |       |       |     4 |       ||     4

Table legend: (Time is in decaauts)
 A = Elapsed time spent in this place.
 B = Non-inter-level travel time spent in this place.
 C = Inter-level travel time spent in this place.
 D = Time resting spent in this place.
 E = Time spent auto-exploring this place.
 F = Levels seen in this place.
 G = Mean time per level.
                   A        B        C        D        E       F      G
               +--------+--------+--------+--------+--------+-----+--------+
         Total |  15317 |  14544 |    773 |   4063 |   7926 |  14 | 1094.1 |
       Dungeon |   8839 |   8188 |    651 |   1493 |   5210 |   8 | 1104.9 |
        Temple |     20 |     20 |      0 |      0 |      2 |   1 |   20.0 |
          Lair |   5760 |   5638 |    122 |   2462 |   2380 |   4 | 1440.0 |
         Sewer |    696 |    696 |      0 |    108 |    332 |   1 |  696.0 |
               +--------+--------+--------+--------+--------+-----+--------+

Top non-repeatable levels by time:
  Lair:1: 1659 daAuts
  Lair:3: 1653 daAuts
  Lair:2: 1545 daAuts
     D:1: 1417 daAuts
     D:3: 1375 daAuts
     D:5: 1245 daAuts
     D:8: 1117 daAuts
     D:2: 1015 daAuts
     D:4: 938 daAuts
  Lair:4: 901 daAuts
     D:7: 871 daAuts
     D:6: 857 daAuts
   Sewer: 696 daAuts
  Temple: 20 daAuts
